 Dungeon Crawl Stone Soup version 0.21-a0-531-gacddea6 (webtiles) character file.

14824 Amnesiac the Geomancer (level 11, -9/57 HPs)
             Began as a Deep Elf Earth Elementalist on Dec 12, 2017.
             Was a High Priest of Sif Muna.
             Mangled by a red ugly thing (14 damage)
             ... on level 11 of the Dungeon.
             The game lasted 00:34:47 (13038 turns).

Amnesiac the Geomancer (DEEE)                      Turns: 13038, Time: 00:34:48

Health: -9/57      AC: 10    Str:  5    XL:     11   Next: 93%
Magic:  4/27       EV: 20    Int: 24    God:    Sif Muna [*****.]
Gold:   639        SH:  0    Dex: 20    Spells: 5/31 levels left

rFire    . . .     SeeInvis .   a - +5 hunting sling of Excruciating Pain {venom, rPois Dex+5}
rCold    + . .     Gourm    .   (no shield)
rNeg     + . .     Faith    .   p - +2 robe {rN+}
rPois    +         Spirit   .   (no helmet)
rElec    +         Reflect  .   t - +0 cloak
rCorr    .         Harm     .   L - +2 pair of gloves
MR       +....     Rnd*Tele +   (no boots)
Stlth    ++........             (no amulet)
HPRegen  0.19/turn              x - ring of protection from cold
MPRegen  0.20/turn              v - +3 ring of evasion

@: divine energy
A: icy blue scales 1, blurry vision 1, frail 1, electricity resistance,
teleportitis 1, sturdy frame 1
a: Stop Divine Energy, Channel Magic, Forget Spell, Renounce Religion


You were on level 11 of the Dungeon.
You worshipped Sif Muna.
Sif Muna was extremely pleased with you.
You were not hungry.

You visited 2 branches of the dungeon, and saw 12 of its levels.
You also visited: Sewer.

You collected 639 gold pieces.

Inventory:

Hand Weapons
 a - the +5 hunting sling of Excruciating Pain (weapon) {venom, rPois Dex+5}
   (You took it off an orc on level 7 of the Dungeon)

   It poisons the ammo it fires.
   It affects your dexterity (+5).
   It protects you from poison.
 b - a +0 dagger
 c - a +2 hand axe of electrocution
 M - a +1 blowgun
Missiles
 w - 160 stones
 D - 27 sling bullets (quivered)
 K - 61 poisoned needles
Armour
 p - a +2 robe of positive energy (worn)
 t - a +0 cloak (worn)
 L - a +2 pair of gloves (worn)
 R - a +0 helmet
Jewellery
 k - an uncursed ring of flight
 q - an uncursed ring of positive energy
 r - an uncursed ring of poison resistance
 v - a +3 ring of evasion (right hand)
 x - a ring of protection from cold (left hand)
 T - an uncursed ring of wizardry
Wands
 j - a wand of acid (6)
 n - a wand of polymorph (24)
 y - a wand of clouds (12)
 S - a wand of enslavement (8)
Scrolls
 f - a scroll of fog {!r}
 g - a scroll of fear {!r}
 i - 6 scrolls of magic mapping {!r}
 s - 5 scrolls of teleportation {!r}
 u - 3 scrolls of identify {!r}
 C - 2 scrolls of amnesia {!r}
 E - a scroll of remove curse {!r}
 G - 3 scrolls of enchant armour {!r}
 I - 2 scrolls of blinking {!r}
 N - 2 scrolls of enchant weapon {!r}
Potions
 e - a potion of lignification {!q}
 m - a potion of magic {!q}
 o - 2 potions of heal wounds {!q}
 A - a potion of flight {!q}
 B - 2 potions of curing {!q}
 F - a potion of might {!q}
 H - a potion of haste {!q}
 O - a potion of agility {!q}
Comestibles
 d - 15 bread rations
 h - 5 meat rations
 l - 12 fruits
 z - 2 chunks of flesh
 J - 4 royal jellies


   Skills:
 - Level 6.0 Fighting
 - Level 7.0 Dodging
 - Level 2.4 Stealth
 + Level 10.6 Spellcasting
 * Level 11.9 Conjurations
 - Level 1.1 Transmutations
 * Level 11.9 Earth Magic


You had 5 spell levels left.
You knew the following spells:

 Your Spells              Type           Power        Failure   Level  Hunger
a - Bolt of Magma         Conj/Fire/Erth ######....   4%          5    ####...
b - Passwall              Tmut/Erth      #####.....   1%          2    None
c - Sandblast             Erth           ######       1%          1    None
d - Lee's Rapid Deconstr  Erth           ######....   1%          5    ####...
e - Petrify               Tmut/Erth      #####...     3%          4    None
f - Stone Arrow           Conj/Erth      ######       1%          3    None
g - Ozocubu's Armour      Chrm/Ice       ##......     14%         3    None
r - Regeneration          Chrm/Necr      ##........   14%         3    None


Dungeon Overview and Level Annotations

Branches:
Dungeon (11/15)            Temple (1/1) D:4            Lair (0/6) D:11
    Orc (0/2) D:9

Altars:
Dithmenos
Fedhas
Gozag
Hepliaklqana
Kikubaaqudgha
Makhleb
Nemelex Xobeh
Okawaru
Ru
Sif Muna
Trog
Wu Jian
Xom
Zin

Shops:
D:6 (

Annotations:
D:3 Jessica


Innate Abilities, Weirdness & Mutations

You are partially covered in icy blue scales. (AC +2)
Scrolls take you a little longer to read.
You are frail. (-10% HP)
You are resistant to electric shocks. (rElec)
You are occasionally teleported next to monsters.
Your movements are slightly less encumbered by armour. (ER -2)


Message History

Aim: a red ugly thing (lightly wounded, poisoned, petrified)
You shoot a sling bullet.
The sling bullet hits the red ugly thing.
The red ugly thing is lightly wounded.
Firing (i - inventory. (,) - cycle):
D - 31 sling bullets (quivered)
Press: ? - help, Shift-Dir - straight line, f/p - red ugly thing
Aim: a red ugly thing (lightly wounded, poisoned, petrified)
You shoot a sling bullet.
The sling bullet hits the red ugly thing.
The red ugly thing looks as sick as possible!
The red ugly thing is moderately wounded.
The red ugly thing is no longer petrified.
Firing (i - inventory. (,) - cycle):
D - 30 sling bullets (quivered)
Press: ? - help, Shift-Dir - straight line, f/p - red ugly thing
Aim: a red ugly thing (moderately wounded, poisoned)
You shoot a sling bullet.
The sling bullet hits the red ugly thing!
The red ugly thing looks as sick as possible!
The red ugly thing is moderately wounded.
Firing (i - inventory. (,) - cycle):
D - 29 sling bullets (quivered)
Press: ? - help, Shift-Dir - straight line, f/p - red ugly thing
Aim: a red ugly thing (moderately wounded, poisoned)
You shoot a sling bullet.
The sling bullet hits the red ugly thing.
The red ugly thing looks as sick as possible!
The red ugly thing is moderately wounded.
The red ugly thing misses you.
Firing (i - inventory. (,) - cycle):
D - 28 sling bullets (quivered)
Press: ? - help, Shift-Dir - straight line, f/p - red ugly thing
Aim: a red ugly thing (heavily wounded, poisoned)
You shoot a sling bullet.
The sling bullet hits the red ugly thing.
The red ugly thing looks as sick as possible!
The red ugly thing is heavily wounded.
The red ugly thing headbutts you but does no damage.
The red ugly thing headbutts you!
You are engulfed in flames!!
* * * LOW HITPOINT WARNING * * *
Casting: Petrify
Confirm with . or Enter, or press ? or * to list all spells.
Aiming: Sandblast
Press: ? - help, Shift-Dir - straight line, f/p - red ugly thing
Aim: a red ugly thing (severely wounded, poisoned)
Okay, then.
Casting: Sandblast
Confirm with . or Enter, or press ? or * to list all spells.
Aiming: Bolt of Magma
Press: ? - help, Shift-Dir - straight line, f/p - red ugly thing
Aim: a red ugly thing (severely wounded, poisoned)
You miscast Bolt of Magma.
Sif Muna protects you from the effects of your miscast!
The red ugly thing headbutts you.
* * * LOW HITPOINT WARNING * * *
You are engulfed in flames!
* * * LOW HITPOINT WARNING * * *
Casting: Bolt of Magma
Confirm with . or Enter, or press ? or * to list all spells.
Aiming: Bolt of Magma
Press: ? - help, Shift-Dir - straight line, f/p - red ugly thing
Aim: a red ugly thing (severely wounded, poisoned)
The bolt of magma hits the red ugly thing.
The red ugly thing partially resists.
The red ugly thing is almost dead.
The red ugly thing headbutts you!
You die...

### #.........#### ..
##.........## #.#####
#####.....>.....# .......
................## ...(...
......†).........# .((....
......#.....P.#..# ###(......
......#.......#..###.(.......
......##.....##..##..#.......
......###...###.@##.#######.#
......+ #........u..# ......#
#........#### #######
###.##### #. #


You could see a red ugly thing.

Vanquished Creatures
  Erolcha (D:11)
  3 two-headed ogres
  The ghost of Amnesiac the Geomancer, a novice DEEE of Sif Muna (D:8)
  2 unseen horrors (D:10)
  A manticore (D:10)
  Maurice (D:8)
  2 centaur zombies
  Joseph (D:9)
  An elephant (D:11)
  4 trolls
  A hippogriff (D:11)
  Sigmund (D:2)
  5 yaks (D:9)
  2 basilisks (D:11)
  4 hogs (D:11)
  A human (D:11)
  Edmund (D:5)
  The ghost of Amnesiac the Ducker, an amateur DEEE (D:3)
  An orc warrior (D:9)
  A sky beast (D:9)
  3 phantoms
  7 ogres
  3 ice beasts
  4 centaurs
  3 big kobolds (D:8)
  12 bullfrogs
  A wyvern skeleton (D:8)
  4 scorpions
  3 killer bees (D:8)
  5 wights (D:9)
  8 howler monkeys
  11 crimson imps
  2 bullfrog zombies
  A jelly (D:8)
  5 hounds
  4 orc priests
  A gnoll shaman (D:9)
  7 orc wizards
  4 bullfrog skeletons
  Terence (D:2)
  2 iguanas
  Ijyb (D:3)
  Natasha (thrice) (D:2)
  18 worker ants
  19 adders
  4 gnolls (D:7)
  A river rat (D:6)
  A shadow imp (D:7)
  An adder zombie (D:8)
  4 worms
  10 leopard geckos
  41 orcs
  8 giant cockroaches
  9 goblins
  7 hobgoblins
  30 jackals
  24 kobolds
  3 quokkas
  4 ball pythons
  A ball python zombie (D:5)
  6 bats
  16 frilled lizards
  A leopard gecko skeleton (D:9)
  A quokka skeleton (D:8)
  2 quokka zombies
  11 rats
352 creatures vanquished.

Notes
Turn   | Place    | Note
-------+----------+-------------------------------------------
     0 | D:1      | Amnesiac the Deep Elf Earth Elementalist began the quest for the Orb.
     0 | D:1      | Reached XP level 1. HP: 10/10 MP: 6/6
   205 | D:1      | Reached XP level 2. HP: 16/16 MP: 8/8
   409 | D:1      | Reached skill level 1 in Fighting
   492 | D:2      | Noticed Sigmund
   494 | D:2      | Found a bloodstained altar of Trog.
   636 | D:2      | Killed Sigmund
   636 | D:2      | Reached XP level 3. HP: 4/22 MP: 4/10
   636 | D:2      | Reached XP level 4. HP: 5/27 MP: 4/12
   636 | D:2      | Reached XP level 5. HP: 5/31 MP: 4/13
   905 | D:2      | Reached skill level 5 in Earth Magic
  1009 | D:2      | Learned a level 2 spell: Passwall
  1013 | D:2      | Learned a level 3 spell: Stone Arrow
  1019 | D:2      | Learned a level 5 spell: Lee's Rapid Deconstruction
  1288 | D:2      | Noticed Natasha
  1294 | D:2      | Killed Natasha
  1444 | D:2      | Found an iron altar of Okawaru.
  1444 | D:2      | Noticed Natasha
  1468 | D:2      | Killed Natasha
  1468 | D:2      | Reached XP level 6. HP: 37/37 MP: 13/15
  1591 | D:2      | Noticed Natasha
  1591 | D:2      | Killed Natasha
  1904 | D:2      | Noticed Terence
  1950 | D:2      | Reached skill level 5 in Spellcasting
  1954 | D:2      | Killed Terence
  2362 | D:3      | Found an iron altar of Okawaru.
  2378 | D:3      | Noticed Amnesiac's ghost (amateur DEEE)
  2387 | D:3      | Learned a level 4 spell: Petrify
  2389 | D:3      | Learned a level 1 spell: Sandblast
  2405 | D:3      | Noticed Jessica
  2543 | D:3      | Killed Amnesiac's ghost
  2543 | D:3      | Reached XP level 7. HP: 43/43 MP: 12/16
  2996 | D:3      | Noticed Ijyb
  3018 | D:3      | Killed Ijyb
  3224 | D:4      | Reached skill level 1 in Conjurations
  3647 | D:4      | Reached skill level 5 in Fighting
  3688 | D:4      | Reached skill level 5 in Dodging
  3708 | D:4      | Found a staircase to the Ecumenical Temple.
  3728 | D:4      | Reached XP level 8. HP: 15/49 MP: 4/17
  4048 | D:4      | Found a shimmering altar of Xom.
  4048 | D:4      | Found a shimmering altar of Xom.
  4049 | D:4      | Found a shimmering altar of Xom.
  4049 | D:4      | Found a shimmering altar of Xom.
  4049 | D:4      | Found a shimmering altar of Xom.
  4049 | D:4      | Found a shimmering altar of Xom.
  4051 | D:4      | Found a shimmering altar of Xom.
  4153 | Temple   | Entered the Ecumenical Temple
  4170 | Temple   | Became a worshipper of Sif Muna the Loreminder
  4247 | D:4      | Found a sparkling altar of Nemelex Xobeh.
  4591 | D:5      | Entered Level 5 of the Dungeon
  4815 | D:5      | Noticed Edmund
  4834 | D:5      | Killed Edmund
  4879 | D:5      | Reached skill level 5 in Conjurations
  4895 | D:5      | Found a sparkling altar of Nemelex Xobeh.
  4989 | D:5      | Found a burning altar of Makhleb.
  5471 | D:6      | Found a glowing drain.
  5530 | D:6      | Reached * piety under Sif Muna
  5594 | Sewer    | Entered a sewer
  6287 | D:6      | Reached XP level 9. HP: 46/55 MP: 15/19
  6446 | D:6      | Found Lalugg's Antique Weapon Boutique.
  6463 | D:6      | You fall through a shaft!
  6954 | D:6      | Found a glowing silver altar of Zin.
  7385 | D:7      | Reached ** piety under Sif Muna
  7443 | D:7      | Got an encrusted hunting sling
  8360 | D:8      | Noticed Amnesiac's ghost (novice DEEE)
  8533 | D:8      | Reached *** piety under Sif Muna
  9131 | D:8      | Killed Amnesiac's ghost
  9131 | D:8      | Reached XP level 10. HP: 49/60 MP: 0/23
  9165 | D:8      | Noticed Maurice
  9413 | D:8      | Killed Maurice
  9437 | D:8      | Identified the +5 hunting sling of Excruciating Pain {venom, rPois Dex+5} (You took it off an orc on level 7 of the Dungeon)
  9834 | D:9      | Noticed a two-headed ogre
  9840 | D:9      | Killed a two-headed ogre
  9840 | D:9      | Reached **** piety under Sif Muna
  9950 | D:9      | Found a staircase to the Orcish Mines.
 10907 | D:9      | Noticed Joseph
 10949 | D:9      | Killed Joseph
 10949 | D:9      | Reached skill level 10 in Earth Magic
 11122 | D:9      | Reached skill level 10 in Conjurations
 11152 | D:9      | Noticed a two-headed ogre
 11155 | D:9      | Killed a two-headed ogre
 11155 | D:9      | Reached ***** piety under Sif Muna
 11155 | D:9      | Reached XP level 11. HP: 54/64 MP: 0/26
 11270 | D:10     | Entered Level 10 of the Dungeon
 11432 | D:9      | Gained mutation: You occasionally shout uncontrollably at your foes. [mutagenic meat]
 11433 | D:9      | Gained mutation: Your muscles are strong. (Str +2) [mutagenic meat]
 11434 | D:9      | Gained mutation: Your mind is acute. (Int +2) [mutagenic meat]
 11435 | D:9      | Gained mutation: You expend magic power (3 MP) to strengthen your wands. [mutagenic meat]
 11436 | D:9      | Gained mutation: You are occasionally teleported next to monsters. [mutagenic meat]
 11438 | D:9      | Lost mutation: Your mind is acute. (Int +2) [potion of mutation]
 11438 | D:9      | Lost mutation: You occasionally shout uncontrollably at your foes. [potion of mutation]
 11438 | D:9      | Gained mutation: You are resistant to electric shocks. (rElec) [potion of mutation]
 11438 | D:9      | Gained mutation: Your movements are slightly less encumbered by armour. (ER -2) [potion of mutation]
 11438 | D:9      | Gained mutation: You have a pair of small horns on your head. [potion of mutation]
 11439 | D:9      | Lost mutation: You have a pair of small horns on your head. [potion of mutation]
 11439 | D:9      | Lost mutation: Your muscles are strong. (Str +2) [potion of mutation]
 11439 | D:9      | Lost mutation: You expend magic power (3 MP) to strengthen your wands. [potion of mutation]
 11439 | D:9      | Gained mutation: Scrolls take you a little longer to read. [potion of mutation]
 11439 | D:9      | Gained mutation: You are frail. (-10% HP) [potion of mutation]
 11439 | D:9      | Gained mutation: You are partially covered in icy blue scales. (AC +2) [potion of mutation]
 11484 | D:10     | Identified Sif Muna's Compendium of Ashen Enchantment (Sif Muna gifted it to you on level 10 of the Dungeon)
 11484 | D:10     | Received a gift from Sif Muna
 11499 | D:10     | Learned a level 5 spell: Bolt of Magma
 11721 | D:10     | Noticed a two-headed ogre
 11742 | D:10     | Killed a two-headed ogre
 11852 | D:10     | Killed an unseen horror
 12029 | D:10     | Killed an unseen horror
 12029 | D:10     | Reached skill level 10 in Spellcasting
 12472 | D:11     | Noticed Erolcha
 12477 | D:11     | Killed Erolcha
 12554 | D:11     | Found a staircase to the Lair.
 12742 | D:11     | Learned a level 3 spell: Regeneration
 12746 | D:11     | Learned a level 3 spell: Ozocubu's Armour
 13018 | D:11     | Noticed a red ugly thing
 13038 | D:11     | Mangled by a red ugly thing

Vault maps used:
D:1:      lemuel_arrival_lava_pool, serial_forest, infiniplex_forest_end_2,
          infiniplex_forest_clump_tiny, infiniplex_forest_lined_room_2,
          infiniplex_forest_lined_3, infiniplex_forest_clump_curved
D:2:      kennysheep_big_flooded_room, bloody_trog, okawaru_gym_becter,
          uniq_terence, uniq_natasha, uniq_sigmund
D:3:      nicolae_overflow_crystal_walls, first_bread, uniq_jessica, uniq_ijyb
D:4:      xom_redecorated, nemelex_xobeh_ov_fountains_minmay,
          minmay_temple_entry_crystal_x
D:5:      overflow_temple_1_default, basic_altar, uniq_edmund
D:6:      zin_treasury, cheibrodos_sewer_entry_sluice, serial_shops, shop
D:8:      uniq_maurice
D:9:      kennysheep_blocky_hall, orc_0_dummy, uniq_joseph
D:11:     david_lair_generic, grunt_livestock, kennysheep_generic_room_10,
          uniq_erolcha
Temple:   nicolae_temple_elliptical
Sewer:    sewer_frog_island_01

Skill      XL: |  1  2  3  4  5  6  7  8  9 10 11 |
---------------+----------------------------------+-----
Fighting       | 2 3 4 5 6 |  6.0
Spellcasting   | 4 5 7 9 10 | 10.6
Earth Magic    | 4 5 8 10 11 | 11.9
Dodging        | 4 5 6 7 |  7.0
Conjurations   | 2 6 8 10 11 | 11.9
Stealth        | |  2.4
Transmutations | |  1.1

Action                   |  1- 3 |  4- 6 |  7- 9 | 10-12 || total
-------------------------+-------+-------+-------+-------++-------
Melee: Dagger            |       |   145 |    82 |       ||   227
       Hand axe          |       |       |   112 |       ||   112
       Fustibalus        |       |       |       |     1 ||     1
       Hunting sling     |       |       |       |     1 ||     1
       Unarmed           |       |       |       |     1 ||     1
 Fire: Hunting sling     |     4 |       |       |   164 ||   168
       Fustibalus        |       |       |   312 |     1 ||   313
Throw: Tomahawk          |     8 |     9 |    32 |       ||    49
 Cast: Sandblast         |    19 |    22 |    12 |       ||    53
       Stone Arrow       |       |    25 |   178 |    87 ||   290
       Petrify           |       |       |     2 |     2 ||     4
       Lee's Rapid Decon |       |       |     2 |     6 ||     8
       Bolt of Magma     |       |       |       |    26 ||    26
Invok: Divine Energy     |       |       |     1 |       ||     1
  Use: Scroll            |       |    10 |     5 |     5 ||    20
       Potion            |       |     2 |     1 |    11 ||    14
 Stab: Sleeping          |       |     3 |     4 |       ||     7
       Petrified         |       |       |    23 |       ||    23
       Distracted        |       |       |     1 |       ||     1
       Petrifying        |       |       |     1 |       ||     1
  Eat: Chunk             |       |     6 |    25 |    15 ||    46
       Royal jelly       |       |       |       |     4 ||     4
Armor: Robe              |     2 |    35 |    81 |    40 ||   158
       Skin              |       |    25 |       |     5 ||    30
Dodge: Dodged            |    13 |   195 |   449 |   165 ||   822

Table legend:
 A = Spawn XP
 B = Non-spawn XP
 C = Spawn XP percentage of total XP
 D = Spawn monster count
 E = Non-spawn monster count
 F = Spawn count percentage of total count
 G = Total turns spent on level
                    A         B        C        D         E        F      G
               +---------+---------+-------+---------+---------+-------+---------
         Total |       0 |   21178 |   0.0 |       0 |     352 |   0.0 | 13038
               +---------+---------+-------+---------+---------+-------+---------
           D:1 |       0 |      26 |   0.0 |       0 |      14 |   0.0 |   620
           D:2 |       0 |     536 |   0.0 |       0 |      39 |   0.0 |  1692
           D:3 |       0 |     456 |   0.0 |       0 |      35 |   0.0 |  1260
           D:4 |       0 |     674 |   0.0 |       0 |      39 |   0.0 |  1167
           D:5 |       0 |     630 |   0.0 |       0 |      23 |   0.0 |   956
           D:6 |       0 |     614 |   0.0 |       0 |      26 |   0.0 |   920
           D:7 |       0 |     794 |   0.0 |       0 |      20 |   0.0 |   855
           D:8 |       0 |    2830 |   0.0 |       0 |      52 |   0.0 |  1736
           D:9 |       0 |    5306 |   0.0 |       0 |      42 |   0.0 |  1713
          D:10 |       0 |    4741 |   0.0 |       0 |      22 |   0.0 |   930
          D:11 |       0 |    4368 |   0.0 |       0 |      21 |   0.0 |   566
         Sewer |       0 |     203 |   0.0 |       0 |      19 |   0.0 |   586
               +---------+---------+-------+---------+---------+-------+---------
